 Dungeon Crawl Stone Soup version 0.30-a0-371-gad7725a93e (webtiles) character file.

Game seed: 13886373890145433732

1398 PentaManta the Covert (level 8, 0/52 HPs)
             Began as a Vampire Enchanter on Nov 22, 2022.
             Was an Initiate of Ashenzari.
             Slain by a black bear (6 damage)
             ... on level 5 of the Dungeon.
             The game lasted 00:24:11 (4617 turns).

PentaManta the Covert (Vampire Enchanter)           Turns: 4617, Time: 00:24:12

Health: 0/52       AC:  2    Str:  7    XL:     8   Next: 41%
Magic:  2/15       EV: 14    Int: 19    God:    Ashenzari [......]
Gold:   212        SH:  0    Dex: 15    Spells: 3/17 levels left

rFire   . . .      SeeInvis +    a - +1 dagger
rCold   . . .      Faith    .    (no shield)
rNeg    . . .      Spirit   .    b - +0 robe
rPois   .          Reflect  .    (no helmet)
rElec   .          Harm     .    (no cloak)
rCorr   +          Rampage  .    (no gloves)
Will    .....                    (no boots)
Stlth   ++++......               (no amulet)
HPRegen 0.48/turn                w - ring of resist corrosion
MPRegen 0.14/turn                (no ring)

@: healing quickly
A: alive, fangs 3, see invisible, vampiric 2
a: Exsanguinate, Renounce Religion


You were on level 5 of the Dungeon.
You worshipped Ashenzari.
Ashenzari was noncommittal.
You visited 1 branch of the dungeon, and saw 5 of its levels.

You collected 212 gold pieces.

Inventory:

Hand Weapons
 a - a +1 dagger (weapon)
 t - a +0 falchion
Missiles
 f - 28 stones (quivered)
 u - 3 boomerangs of dispersal
 z - a throwing net
Armour
 b - a +0 robe (worn)
 q - a +2 buckler
 s - a +1 leather armour of poison resistance
Jewellery
 w - a ring of resist corrosion (left hand)
Wands
 x - a wand of mindburst (21)
 C - a wand of charming (7)
Scrolls
 i - a scroll of fear {unknown}
 j - 5 scrolls of vulnerability {unknown}
 k - 8 scrolls of identify {unknown}
 l - a scroll of silence {unknown}
 m - a scroll of teleportation {unknown}
 v - a scroll of blinking {unknown}
 y - a scroll of summoning {unknown}
 A - a scroll of butterflies {unknown}
 B - a scroll of enchant weapon {unknown}
 D - a scroll of magic mapping {unknown}
Potions
 c - 2 potions of invisibility
 d - 3 potions of heal wounds {unknown}
 e - a potion of degeneration {unknown}
 g - 2 potions of brilliance {unknown}
 h - 2 potions of haste {unknown}
 n - a potion of magic {unknown}
 o - 2 potions of lignification {unknown}
 p - 2 potions of curing {unknown}
 r - a potion of mutation {unknown}


   Skills:
 * Level 6.3 Short Blades
 + Level 4.9 Dodging
 + Level 9.6 Stealth
 - Level 5.0 Spellcasting
 - Level 5.0 Hexes


You had 3 spell levels left.
You knew the following spells:

 Your Spells              Type           Power      Damage    Failure   Level
a - Ensorcelled Hibernat  Hex/Ice        28%        N/A       7%          2
b - Confusing Touch       Hex            23%        N/A       4%          3
c - Tukima's Dance        Hex            23%        N/A       4%          3
d - Dazzling Flash        Conj/Hex       28%        N/A       13%         3
e - Swiftness             Air            4%         N/A       36%         3

Your spell library contained the following spells:

 Spells                   Type           Power      Damage    Failure   Level
 Sandblast                Erth           8%         2d5       12%         1
 Blink                    Tloc           8%         N/A       19%         2
 Momentum Strike          Conj/Tloc      8%         3d8       19%         2
 Passwall                 Tmut/Erth      3%         N/A       19%         2
 Lesser Beckoning         Tloc           8%         N/A       36%         3
 Stone Arrow              Conj/Erth      8%         3d7       36%         3
 Fireball                 Conj/Fire      2%         3d4       98%         5
 Iskenderun's Battlesphe  Conj           4%         2d6       98%         5
 Conjure Ball Lightning   Conj/Air       2%         3x3d6     100%        6
 Orb of Destruction       Conj           2%         9d5       100%        7
 Discord                  Hex            11%        N/A       100%        8
 Disjunction              Tloc           2%         N/A       100%        8


Dungeon Overview and Level Annotations

Branches:
Dungeon (5/15)
 Temple: D:4-7

Altars:
Ashenzari

Shops:
D:3 (

Annotations:
D:3 2 runed translucent doors, StikS32's ghost, amateur DrFi
D:5 Prince Ribbit


Innate Abilities, Weirdness & Mutations

Your natural rate of healing is accelerated.
You have razor-sharp teeth.
You have supernaturally acute eyesight. (SInv)
You are afflicted with vampirism and can become a bat while bloodless.


Message History

You kill the gnoll!
The black bear attacks as you move away!
The black bear closely misses you. The black bear claws you.
* * * LOW HITPOINT WARNING * * *
The black bear claws you.
* * * LOW HITPOINT WARNING * * *
Casting: Ensorcelled Hibernation (safe; 7% risk of failure)
Confirm with . or Enter, or press ? or * to list all spells.
Okay, then.
Okay, then.
Okay, then.
Hit: a) +1 dagger
Press: ? - help, Dir - move target, f/p - black bear
Aim: a black bear (about 27% to evade your +1 dagger)
Okay, then.
Aiming: Mindburst
Press: ? - help, Shift-Dir - straight line, f/p - black bear
Aim: a black bear (chance to affect: 64%)
Okay, then.
Aiming: Charm
Press: ? - help, Shift-Dir - straight line, f/p - black bear
Aim: a black bear (chance to affect: 49%)
The black bear resists with some effort.
The black bear bites you!
* * * LOW HITPOINT WARNING * * *
The black bear barely misses you. The black bear closely misses you.
The gnoll misses you.
Aiming: Charm
Press: ? - help, Shift-Dir - straight line, f/p - black bear
Aim: a black bear (chance to affect: 49%)
The black bear resists with some effort.
The gnoll shouts!
The black bear bites you but does no damage.
The black bear misses you. x2; The gnoll closely misses you.
Aiming: Charm
Press: ? - help, Shift-Dir - straight line, f/p - black bear
Aim: a black bear (chance to affect: 49%)
The black bear resists with some effort.
The black bear bites you.
You die...

.............# #..........#.#
.#####.#####.# ##.####..##.#.#
.#####.###...###.....<...#.... .
.##..................#...####.#.#
.##.##.###...###..##.#...# .#
.##.##.#####.# #..##.#..... ..
.............# #.......#.### #.
#...########## #..##.###.# Fo
#.### #@รท##.###.## #.# ####
#h)#.......# #.# #....
#g.........# #.#
#.....###g#..#.#... #.#
#.g......>#........ #.#
#.ghg.#####..###... #.# #....
#..####.# #.# #### #.......# #.#
##.######


You could see a black bear and 2 gnolls.

Vanquished Creatures
  Pikel (D:4)
  2 black bears (D:4)
  An ogre (D:4)
  4 lemures
  2 phantoms
  A necrophage (D:5)
  2 scorpions (D:5)
  An orc priest (D:4)
  2 hounds
  A jelly (D:5)
  2 orc wizards (D:4)
  2 gnolls (D:5)
  5 adders
  A worm (D:4)
  4 dart slugs
  6 orcs (D:4)
  5 bats
  4 endoplasms
  6 giant cockroaches
  9 goblins
  6 hobgoblins
  7 jackals
  3 quokkas
  6 ball pythons
  6 frilled lizards
  6 kobolds
  4 rats (D:1)
99 creatures vanquished.

Vanquished Creatures (others)
  19 plants (D:2)
19 creatures vanquished.

Grand Total: 118 creatures vanquished

Notes
Turn   | Place    | Note
-------+----------+-------------------------------------------
     0 | D:1      | PentaManta the Vampire Enchanter began the quest for the
                  | Orb.
     0 | D:1      | Reached XP level 1. HP: 13/13 MP: 3/3
   122 | D:1      | Reached skill level 5 in Stealth
   191 | D:1      | Reached XP level 2. HP: 14/19 MP: 5/5
   605 | D:1      | Reached skill level 6 in Stealth
   761 | D:2      | Gained mutation: You are afflicted with vampirism and can
                  | become a bat while bloodless. [Vampire growth]
   761 | D:2      | Reached XP level 3. HP: 4/24 MP: 6/6
   880 | D:2      | Reached skill level 7 in Stealth
  1076 | D:2      | Learned a level 2 spell: Ensorcelled Hibernation
  1076 | D:2      | Found a faded altar of an unknown god.
  1555 | D:2      | Reached XP level 4. HP: 28/30 MP: 7/7
  1649 | D:2      | Learned a level 3 spell: Confusing Touch
  1719 | D:3      | Found Ceeluaj's Weapon Emporium.
  2175 | D:3      | Found a runed translucent door.
  2180 | D:3      | Noticed StikS32's ghost (amateur DrFi)
  2240 | D:3      | Found a runed translucent door.
  2457 | D:4      | Reached skill level 5 in Hexes
  2590 | D:4      | Noticed a phantom
  2622 | D:4      | Killed a phantom
  2623 | D:4      | Reached XP level 5. HP: 28/35 MP: 1/10
  2809 | D:4      | Noticed an ogre
  2821 | D:4      | Killed an ogre
  2822 | D:4      | Reached XP level 6. HP: 20/41 MP: 2/12
  2834 | D:4      | Noticed Pikel
  2860 | D:5      | Entered Level 5 of the Dungeon
  3115 | D:5      | Noticed a yak
  3129 | D:5      | Learned a level 3 spell: Tukima's Dance
  3133 | D:5      | Learned a level 3 spell: Dazzling Flash
  3137 | D:5      | Learned a level 3 spell: Swiftness
  3217 | D:4      | Reached skill level 5 in Spellcasting
  3552 | D:4      | Killed Pikel
  3553 | D:4      | Reached skill level 8 in Stealth
  3553 | D:4      | Reached XP level 7. HP: 30/46 MP: 7/14
  3657 | D:4      | Reached skill level 5 in Short Blades
  3657 | D:4      | Reached XP level 8. HP: 50/52 MP: 11/15
  3694 | D:4      | Found a broken altar of Ashenzari.
  3749 | D:4      | Became a worshipper of Ashenzari the Shackled
  4037 | D:4      | Reached skill level 9 in Stealth
  4325 | D:5      | Noticed Prince Ribbit
  4617 | D:5      | Slain by a black bear

Illustrated notes

Levels and vault maps discovered:
D:1:      wander_arrival_peaceful_grave, layout_loops_ring
D:2:      layout_basic, hellmonk_ecumenical_altar_pennies_from_heaven,
          serial_bayou, serial_bayou_lagoon_b, serial_bayou_shore_b,
          serial_bayou_shore_a, serial_bayou_ford_a, serial_bayou_shore_b
D:3:      layout_basic, ebering_ghost_sewer_f, serial_shops,
          nicolae_shop_bloodbath_and_beyond
D:4:      layout_basic, evilmike_ruin_ashenzari, uniq_pikel
D:5:      layout_loops_cross, minmay_manual_monolith, uniq_prince_ribbit1

Skill      XL: |  1  2  3  4  5  6  7  8 |
---------------+-------------------------+-----
Stealth        | 5 6 7 8 9 |  9.6
Hexes          | 5 |  5.0
Spellcasting   | 3 4 5 |  5.0
Short Blades   | 4 5 6 |  6.3
Dodging        | 3 4 |  4.9

Action                   |  1- 3 |  4- 6 |  7- 9 || total
-------------------------+-------+-------+-------++-------
Melee: Dagger            |   157 |   129 |    60 ||   346
       Bite              |    11 |    17 |     7 ||    35
       Punch             |       |     2 |     1 ||     3
Throw: Stone             |       |     1 |     2 ||     3
 Cast: Ensorcelled Hiber |     1 |    26 |    17 ||    44
       Confusing Touch   |       |     8 |     3 ||    11
       Dazzling Flash    |       |     1 |       ||     1
 Abil: Exsanguinate      |       |     1 |       ||     1
Evoke: Wand              |       |       |     3 ||     3
  Use: Potion            |       |     1 |       ||     1
 Stab: Sleeping          |    11 |    23 |     8 ||    42
       Confused          |       |     5 |     3 ||     8
       Distracted        |       |     1 |       ||     1
       Invisible         |       |     1 |       ||     1
Armor: Robe              |    19 |    23 |     5 ||    47
Dodge: Dodged            |    79 |    89 |    38 ||   206

Table legend: (Time is in decaauts)
 A = Elapsed time spent in this place.
 B = Non-inter-level travel time spent in this place.
 C = Inter-level travel time spent in this place.
 D = Time resting spent in this place.
 E = Time spent auto-exploring this place.
 F = Levels seen in this place.
 G = Mean time per level.
                   A        B        C        D        E       F      G
               +--------+--------+--------+--------+--------+-----+--------+
         Total |   4646 |   4473 |    173 |    468 |   2633 |   5 |  929.2 |
       Dungeon |   4646 |   4473 |    173 |    468 |   2633 |   5 |  929.2 |
               +--------+--------+--------+--------+--------+-----+--------+

Top non-repeatable levels by time:
     D:4: 1463 daAuts
     D:2: 1023 daAuts
     D:3: 793 daAuts
     D:5: 688 daAuts
     D:1: 677 daAuts
